 Dungeon Crawl Stone Soup version 0.25-a0-576-g50b708a4c4 (webtiles) character file.

Game seed: 15173109489100152733, levelgen mode: deterministic

71 Flugslaktarn the Shield-Bearer (level 4, -5/42 HPs)
             Began as a Deep Dwarf Fighter on Mar 1, 2020.
             Slain by an ogre
             ... wielding a +0 giant club
              (17 damage)
             ... on level 4 of the Dungeon.
             The game lasted 00:00:33 (730 turns).

Flugslaktarn the Shield-Bearer (Deep Dwarf Fighter)  Turns: 730, Time: 00:00:34

Health: -5/42      AC:  9    Str: 21    XL:     4   Next: 5%
Magic:  4/4        EV:  5    Int:  8    God:
Gold:   59         SH:  9    Dex: 12    Spells: 3/3 levels left

rFire    . . .     SeeInvis .   a - +0 war axe
rCold    . . .     Gourm    .   c - +0 kite shield
rNeg     . . .     Faith    .   h - +0 chain mail
rPois    .         Spirit   .   (no helmet)
rElec    .         Reflect  .   (no cloak)
rCorr    .         Harm     .   (no gloves)
MR       .....                  (no boots)
Stlth    ..........             (no amulet)
HPRegen  0.00/turn              (no ring)
MPRegen  0.09/turn              (no ring)

@: non-regenerating
A: damage resistance, heal wounds, sense surroundings 1, no regeneration
a: Heal Wounds


You were on level 4 of the Dungeon.
You were not hungry.

You visited 1 branch of the dungeon, and saw 4 of its levels.

You collected 59 gold pieces.

Inventory:

Hand Weapons
 a - a +0 war axe (weapon)
Armour
 b - a +0 scale mail
 c - a +0 kite shield (worn)
 h - a +0 chain mail (worn)
   (You found it on level 3 of the Dungeon)
Scrolls
 g - 3 scrolls of identify {unknown}
 j - a scroll of amnesia {unknown}
 m - a scroll of magic mapping {unknown}
 o - a scroll of immolation {unknown}
Potions
 d - a potion of might
 f - a potion of lignification {unknown}
 i - a potion of berserk rage {unknown}
 k - a potion of curing {unknown}
 l - a potion of heal wounds {unknown}
 p - a potion of cancellation {unknown}
Comestibles
 e - a ration
 n - 4 chunks of flesh


   Skills:
 + Level 3.1 Fighting
 * Level 3.4 Axes
 + Level 3.8 Armour
 + Level 3.8 Shields


You had 3 spell levels left.
You didn't know any spells.
Your spell library was empty.

Dungeon Overview and Level Annotations

Branches:
Dungeon (4/15)
 Temple: D:4-7

Altars:


Innate Abilities, Weirdness & Mutations

You are resistant to damage.
You can heal yourself by infusing magical energy.
You passively map a small area around you.
You do not regenerate.


Message History

You block the gnoll's attack.
The giant cockroach bites you but does no damage.
The gnoll hits you with a +0 club. You block the gnoll's attack.
Your shield and chain mail prevent you from hitting the gnoll.
The gnoll is severely wounded.
You closely miss the ogre. You hit the giant cockroach.
You kill the giant cockroach!
The gnoll barely misses you. The ogre hits you with a +0 giant club!
The gnoll hits you from afar with a +0 spear.
The gnoll hits you with a +0 club!
You feel much better.
The gnoll hits you from afar with a +0 spear.
The ogre hits you with a +0 giant club!!
You closely miss the gnoll.
The gnoll is severely wounded.
You hit the ogre. The gnoll hits you but does no damage.
The gnoll hits you from afar with a +0 spear!
* * * LOW HITPOINT WARNING * * *
The ogre hits you with a +0 giant club!!
You die...

,, ...#..#####
..........#
...$......#
..........#
..........# ,
.....g..$.#
......g†O.# *
#)@# * ##(# #.# *
##########.#
#..........# ,
#).........#
#..........#
#..........#
##########.######
,


You could see an ogre and 2 gnolls.

Vanquished Creatures
  A worker ant (D:4)
  A gnoll (D:4)
  2 adders (D:2)
  A leopard gecko (D:3)
  An orc (D:4)
  3 giant cockroaches
  A goblin (D:3)
  3 hobgoblins
  A bat (D:2)
  2 frilled lizards (D:2)
  A jackal skeleton (D:4)
  4 rats (D:3)
21 creatures vanquished.

Notes
Turn   | Place    | Note
-------+----------+-------------------------------------------
     0 | D:1      | Flugslaktarn the Deep Dwarf Fighter began the quest for the
                  | Orb.
     0 | D:1      | Reached XP level 1. HP: 20/20 MP: 1/1
   173 | D:2      | Reached XP level 2. HP: 21/27 MP: 2/2
   383 | D:3      | Reached XP level 3. HP: 33/33 MP: 3/3
   721 | D:4      | Noticed an ogre
   727 | D:4      | Reached XP level 4. HP: 33/42 MP: 4/4
   730 | D:4      | Slain by an ogre

Levels and vault maps discovered:
D:1:      ldierk_walled_garden_2, layout_loops_ring, grunt_decor_one_mirror,
          minivault_26
D:2:      layout_loops_corners, chequers_temple_overflow_statue_of_worship,
          first_ration
D:3:      layout_basic
D:4:      layout_basic, minmay_temple_entry_mini_moons, enter_ossuary_1,
          serial_shops, shop, nicolae_shop_stone, shop, okawaru_trees_1

Skill      XL: |  1  2  3 |
---------------+----------+-----
Axes           | 3 |  3.4
Fighting       | 3 |  3.1
Armour         | |  3.8
Shields        | |  3.8

Action                   |  1- 3 |  4- 6 || total
-------------------------+-------+-------++-------
Melee: War axe           |    80 |     2 ||    82
 Abil: Heal Wounds       |     1 |     1 ||     2
Armor: Scale mail        |    22 |       ||    22
       Chain mail        |    28 |     1 ||    29
Dodge: Dodged            |    24 |     1 ||    25
Block: Kite shield       |    47 |     2 ||    49

Table legend:
 A = Non-vault XP
 B = Vault XP
 C = Vault XP percentage of total XP
 D = Non-vault monster count
 E = Vault monster count
 F = Vault count percentage of total count
                 A         B        C        D         E       F
            +---------+---------+-------+---------+---------+-------
      Total |     102 |       0 |   0.0 |      21 |       0 |   0.0
            +---------+---------+-------+---------+---------+-------
        D:1 |       4 |       0 |   0.0 |       2 |       0 |   0.0
        D:2 |      33 |       0 |   0.0 |       7 |       0 |   0.0
        D:3 |       9 |       0 |   0.0 |       6 |       0 |   0.0
        D:4 |      56 |       0 |   0.0 |       6 |       0 |   0.0
            +---------+---------+-------+---------+---------+-------
